AoeStats
← Marbas

Arena

508923147Analyzed
4v4 RM · 7d ago on Sep 24, 2026· 47m 6s· 8 players
Game mode
Random Map
Map size
Large (8 player)
Population
200
Speed
Normal
Resources
Standard
Victory
Conquest
Starting age
Dark Age
Ending age
Imperial Age
RankedLock teamsTeams togetherTeam positionsShared explorationLock speedFull tech treeHidden civsTurbo modeCheats
Victory
Defeat
🇷🇺 Britons · Russia
1757
+10
🇷🇺 Saracens · Russia
1700
+12
🇧🇪 Persians · Belgium
1683
+13
🇷🇺 Ethiopians · Russia
1683
+13
🇭🇰 Spanish · Hong Kong SAR China
1728
-16
1645
-12
🇹🇼 Italians · Taiwan
1559
-10
🇹🇼 Georgians · Taiwan
1554
-10
QNA | Apachai Hopachai
5:37 Loom
8:04 Feudal Age
9:47 Fletching
15:00 Double-Bit Axe
15:43 Horse Collar
23:47 Castle Age
22:51 Stone Mining
23:51 Gold Mining
24:32 Bodkin Arrow
25:50 Guard Tower
34:31 Imperial Age
32:49 Fortified Wall
34:51 Masonry
35:53 Squires
37:41 Pikeman
39:40 Scale Mail Armor
40:50 Chain Mail Armor
40:42 Halberdier
43:05 Forging
43:29 Ballistics
45:45 Chemistry
46:19 Iron Casting
46:04 Arson
騷護士
9:24 Feudal Age
7:54 Loom
14:24 Castle Age
12:53 Double-Bit Axe
13:47 Horse Collar
15:11 Wheelbarrow
22:38 Heavy Plow
23:02 Bow Saw
27:25 Imperial Age
24:48 Treadmill Crane
25:05 Murder Holes
25:26 Gold Mining
25:32 Stone Mining
26:38 Hand Cart
26:09 Town Watch
27:21 Stone Shaft Mining
27:09 Guard Tower
27:36 Svan Towers
27:58 Fletching
27:55 Arrowslits
29:11 Conscription
29:39 Keep
29:11 Bodkin Arrow
30:07 Bracer
30:31 Ballistics
30:47 Scale Barding Armor
30:53 Forging
31:28 Light Cavalry
32:19 Bloodlines
32:09 Husbandry
33:35 Chemistry
32:42 Hussar
34:36 Chain Barding Armor
36:31 Plate Barding Armor
37:50 Padded Archer Armor
40:31 Coinage
41:18 Iron Casting
42:18 Banking
43:50 Elite Skirmisher
44:58 Leather Archer Armor
OmegaJ256
11:08 Feudal Age
12:30 Double-Bit Axe
14:50 Castle Age
12:56 Horse Collar
15:56 Bow Saw
16:35 Wheelbarrow
16:57 Wheelbarrow
21:46 Loom
26:07 Hand Cart
30:47 Imperial Age
29:25 Gold Mining
29:36 Padded Archer Armor
30:37 Scale Barding Armor
30:43 Forging
31:16 Leather Archer Armor
30:48 Elite Conquistador
31:57 Chain Barding Armor
32:01 Conscription
32:57 Bloodlines
34:32 Ring Archer Armor
34:38 Plate Barding Armor
34:38 Iron Casting
34:51 Fletching
35:22 Ballistics
36:03 Chemistry
35:17 Town Watch
35:34 Scale Mail Armor
35:27 Stone Mining
36:23 Bodkin Arrow
37:05 Masonry
38:55 Hoardings
38:40 Guilds
39:00 Bracer
41:47 Blast Furnace
42:06 Architecture
41:22 Arrowslits
41:55 Murder Holes
41:31 Cavalier
42:11 Husbandry
42:21 Light Cavalry
42:47 Paladin
上帝惡魔楊宗翰
10:56 Feudal Age
14:41 Castle Age
12:37 Double-Bit Axe
12:41 Horse Collar
18:18 Loom
24:48 Wheelbarrow
24:30 Bow Saw
25:03 Bow Saw
24:57 Loom
29:13 Imperial Age
26:35 Fletching
27:24 Hand Cart
27:12 Padded Archer Armor
27:08 Town Watch
27:31 Bodkin Arrow
28:18 Gold Mining
28:18 Stone Mining
28:58 Leather Archer Armor
29:02 Heavy Plow
29:00 Crossbowman
30:06 Ballistics
30:34 Conscription
31:25 Chemistry
30:46 Bracer
30:42 Arbalester
32:35 Ring Archer Armor
33:20 Thumb Ring
32:45 Elite Skirmisher
34:05 Stone Shaft Mining
33:25 Treadmill Crane
34:12 Elite Skirmisher
35:41 Pirotechnia
36:12 Coinage
36:51 Two-Man Saw
38:04 Sanctity
39:14 Town Patrol
39:26 Forging
39:51 Bombard Tower
41:55 Scale Mail Armor
44:54 Elite Genoese Crossbowman
B3RS3RK
10:47 Feudal Age
11:39 Double-Bit Axe
14:47 Castle Age
13:19 Horse Collar
15:35 Bow Saw
18:51 Loom
24:07 Wheelbarrow
24:41 Gold Mining
26:03 Hand Cart
29:17 Imperial Age
27:35 Bloodlines
27:51 Husbandry
28:00 Scale Barding Armor
28:29 Heavy Plow
29:27 Chain Barding Armor
29:18 Forging
29:39 Town Watch
30:54 Crop Rotation
31:29 Two-Man Saw
31:17 Plate Barding Armor
30:52 Forging
30:42 Cavalier
32:39 Coinage
33:22 Conscription
32:43 Savar
34:10 Iron Casting
35:23 Banking
35:02 Fletching
36:13 Blast Furnace
35:05 Fletching
35:32 Caravan
35:44 Heavy Camel Rider
38:29 Citadels
40:50 Guilds
41:07 Light Cavalry
Don_Maximiliano
10:11 Feudal Age
11:16 Double-Bit Axe
14:10 Castle Age
12:08 Horse Collar
15:12 Bow Saw
20:49 Wheelbarrow
19:59 Loom
20:00 Town Watch
20:27 Town Watch
22:03 Hand Cart
22:21 Town Watch
22:37 Stone Mining
22:37 Gold Mining
23:16 Fletching
28:49 Imperial Age
26:46 Scale Barding Armor
27:43 Gold Shaft Mining
27:08 Heavy Plow
27:46 Husbandry
27:56 Bloodlines
28:32 Chain Barding Armor
29:05 Town Patrol
29:17 Forging
30:11 Plate Barding Armor
30:19 Conscription
31:06 Iron Casting
30:37 Elite Mameluke
34:10 Blast Furnace
33:56 Hoardings
34:29 Counterweights
34:47 Bodkin Arrow
35:24 Coinage
36:27 Chemistry
35:47 Caravan
39:19 Siege Engineers
39:25 Masonry
41:17 Banking
43:29 Bracer
43:50 Ballistics
43:25 Murder Holes
42:59 Capped Ram
45:12 Siege Ram
PLEBUSHEK
9:14 Feudal Age
9:29 Loom
18:19 Castle Age
17:50 Double-Bit Axe
18:34 Fletching
21:40 Bow Saw
25:14 Bodkin Arrow
34:29 Gold Mining
34:27 Horse Collar
36:26 Wheelbarrow
37:07 Stone Mining
38:32 Padded Archer Armor
42:00 Imperial Age
39:37 Heavy Plow
39:17 Elite Skirmisher
40:42 Ballistics
40:39 Leather Archer Armor
41:01 Hand Cart
41:15 Hand Cart
43:05 Yeomen
43:06 Conscription
42:46 Bracer
43:50 Chemistry
43:46 Ring Archer Armor
45:54 Two-Man Saw
44:39 Elite Longbowman
Marbas
10:56 Feudal Age
11:35 Double-Bit Axe
11:47 Horse Collar
14:30 Castle Age
15:40 Bow Saw
15:31 Heavy Plow
19:12 Loom
20:15 Wheelbarrow
20:55 Stone Mining
22:26 Town Watch
23:21 Gold Mining
24:13 Hand Cart
24:42 Gold Shaft Mining
28:27 Imperial Age
26:40 Stone Shaft Mining
26:25 Scale Mail Armor
27:22 Chain Mail Armor
27:10 Squires
27:21 Arson
28:06 Forging
28:28 Onager
30:10 Chemistry
29:49 Conscription
30:04 Plate Mail Armor
31:12 Siege Engineers
32:56 Torsion Engines
33:32 Halberdier
34:57 Masonry
34:21 Siege Onager
35:49 Iron Casting
37:00 Caravan
Connection lost

Rejoining the realm…

Still unreachable

The connection could not be restored.

Session expired

The server has moved on; the page needs a fresh start.